 Dungeon Crawl Stone Soup version 0.25-a0-523-g9afb2ee040 (webtiles) character file.

Game seed: 3870262774728783410, levelgen mode: deterministic

127361 Error4North the Severer (level 17, -14/150 HPs)
             Began as a Hill Orc Fighter on Feb 17, 2020.
             Was a High Priest of Okawaru.
             Killed from afar by Nikola (15 damage)
             ... with a chain lightning
             ... on level 2 of the Swamp on Feb 18, 2020.
             The game lasted 02:40:40 (31474 turns).

Error4North the Severer (Hill Orc Fighter)         Turns: 31474, Time: 02:40:40

Health: -14/150    AC: 37    Str: 25    XL:     17   Next: 0%
Magic:  24/26      EV: 12    Int: 13    God:    Okawaru [*****.]
Gold:   1498       SH: 16    Dex: 18    Spells: 20/28 levels left

rFire    + . .     SeeInvis .   B - +6 war axe (protect)
rCold    . . .     Gourm    +   c - +0 kite shield
rNeg     . . .     Faith    .   M - +5 plate armour {rF+}
rPois    +         Spirit   .   V - +2 helmet
rElec    .         Reflect  .   F - +0 cloak of Ru's Condemnation {Int+4 Dex+2 Stlth+}
rCorr    .         Harm     .   q - +0 pair of gloves of Shadows and Fog {rPois MR+}
MR       ++...                  a - +2 pair of boots
Stlth    +.........             T - amulet of the gourmand
HPRegen  0.35/turn              x - +6 ring of dexterity
MPRegen  0.20/turn              y - ring of stealth

@: heroism, lightly drained
A: icy blue scales 1, iridescent scales 1, MP-powered wands
a: Heroism, Finesse, Renounce Religion


You were on level 2 of the Swamp.
You worshipped Okawaru.
Okawaru was extremely pleased with you.
You were completely stuffed.

You visited 6 branches of the dungeon, and saw 25 of its levels.

You collected 2461 gold pieces.
You spent 963 gold pieces at shops.

Inventory:

Hand Weapons
 w - a +4 eveningstar of electrocution
 B - a +6 war axe of protection (weapon)
 L - a +3 morningstar of holy wrath
Missiles
 n - 6 atropa-tipped darts
 A - 8 silver javelins
 G - 39 boomerangs (quivered)
 J - 22 javelins
Armour
 a - a +2 pair of boots (worn)
 c - a +0 kite shield (worn)
 q - the +0 pair of gloves of Shadows and Fog (worn) {rPois MR+}
   (You bought it in a shop on level 2 of the Orcish Mines)

   It protects you from poison.
   It affects your resistance to hostile enchantments.
   If you remove this armour, your AC will decrease by 1 (37 -> 36).
 F - the +0 cloak of Ru's Condemnation (worn) {Int+4 Dex+2 Stlth+}
   (You found it on level 4 of the Dungeon)

   It affects your intelligence (+4).
   It affects your dexterity (+2).
   It makes you more stealthy.
   If you remove this armour, your AC will decrease by 1 (37 -> 36).
 M - a +5 plate armour of fire resistance (worn)
 V - a +2 helmet (worn)
Jewellery
 d - an uncursed ring of flight
 x - a +6 ring of dexterity (left hand)
 y - a ring of stealth (right hand)
 E - an uncursed ring of resist corrosion
 H - an uncursed ring of protection from fire
 K - an uncursed ring of protection from cold
 T - an amulet of the gourmand (around neck)
Wands
 g - a wand of polymorph (8)
 i - a wand of acid (12)
 j - a wand of disintegration (15)
 v - a wand of scattershot (13)
 z - a wand of paralysis (12)
 I - a wand of clouds (6)
 N - a wand of random effects (11)
 O - a wand of flame (66)
Scrolls
 e - 14 scrolls of teleportation
 m - 11 scrolls of identify
 o - 10 scrolls of remove curse
 p - 6 scrolls of blinking
 s - 6 scrolls of amnesia
 t - a scroll of magic mapping
 C - 8 scrolls of fog
 P - a scroll of holy word {unknown}
 Q - 2 scrolls of noise {unknown}
 S - a scroll of fear
 U - a scroll of enchant weapon
Potions
 b - a potion of resistance
 h - a potion of lignification
 k - 4 potions of haste
 l - 3 potions of ambrosia
 r - a potion of flight
 u - 5 potions of curing
 D - a potion of invisibility
Miscellaneous
 R - 3 phantom mirrors
Comestibles
 f - 26 rations
 W - 6 chunks of flesh


   Skills:
 * Level 13.4(18.1) Fighting
 + Level 15.2(20.5) Axes
 + Level 6.7(15.5) Maces & Flails
 + Level 4.0(8.8) Throwing
 * Level 12.4(17.1) Armour
 + Level 1.3(6.1) Dodging
 + Level 1.8(6.5) Stealth
 * Level 13.9(18.6) Shields
 * Level 6.1(5.8) Spellcasting
 * Level 5.2(4.9) Hexes
 * Level 5.0(4.7) Charms
 * Level 4.3(4.1) Translocations
 * Level 10.8(10.5) Invocations
 * Level 9.8(9.5) Evocations


You had 20 spell levels left.
You knew the following spells:

 Your Spells              Type           Power        Failure   Level  Hunger
a - Infusion              Chrm           ###.         16%         1    None
b - Shroud of Golubria    Chrm/Tloc      ###...       26%         2    ##.....
c - Spectral Weapon       Hex/Chrm       ###.....     41%         3    ###....
d - Song of Slaying       Chrm           ###.....     24%         2    ##.....

Your spell library contained the following spells:

 Spells                   Type           Power        Failure   Level  Hunger
 Corona                   Hex            ###....      14%         1    None
 Slow                     Hex            ###.....     22%         2    ##.....
 Blink                    Tloc           N/A          30%         2    ##.....
 Portal Projectile        Hex/Tloc       ###...       45%         3    ###....
 Foxfire                  Conj/Fire      #...         73%         1    None
 Magic Dart               Conj           #...         73%         1    None
 Sandblast                Erth           #.....       73%         1    None
 Dazzling Flash           Conj/Hex       ##....       75%         3    ###....
 Inner Flame              Hex/Fire       ##......     75%         3    ###....
 Ozocubu's Armour         Chrm/Ice       ##......     77%         3    ###....
 Cause Fear               Hex            ###.......   80%         4    ####...
 Call Imp                 Summ           #.......     86%         2    ##.....
 Passwall                 Tmut/Erth      #.......     86%         2    ##.....
 Searing Ray              Conj           #.....       86%         2    ##.....
 Conjure Flame            Conj/Fire      #.......     97%         3    ###....
 Mephitic Cloud           Conj/Pois/Air  #.......     97%         3    ###....
 Static Discharge         Conj/Air       #.......     97%         3    ###....
 Stone Arrow              Conj/Erth      #.....       97%         3    ###....
 Fulminant Prism          Conj/Hex       ##........   98%         4    ####...
 Leda's Liquefaction      Hex/Erth       ##........   98%         4    ####...
 Iskenderun's Mystic Bla  Conj/Tloc      #.......     99%         4    ####...
 Petrify                  Tmut/Erth      #.......     100%        4    ####...
 Sticky Flame             Conj/Fire      #.......     100%        4    ####...
 Fireball                 Conj/Fire      #.........   100%        5    ######.
 Lee's Rapid Deconstruct  Erth           #.........   100%        5    ######.
 Lightning Bolt           Conj/Air       #.........   100%        5    ######.
 Ignition                 Fire           #.........   100%        8    #######
 Shatter                  Erth           #.........   100%        9    #######
 Tornado                  Air            #.........   100%        9    #######


Dungeon Overview and Level Annotations

Branches:
Dungeon (12/15)            Temple (1/1) D:6            Lair (6/6) D:9
  Swamp (2/4) Lair:3       Spider (2/4) Lair:3        Slime (0/5) Lair:6
    Orc (2/2) D:10            Elf (0/3) Orc:2

Altars:
Ashenzari
Cheibriados
Dithmenos
Elyvilon
Fedhas
Gozag
Hepliaklqana
Kikubaaqudgha
Makhleb
Nemelex Xobeh
Okawaru
Qazlal
Ru
Sif Muna
Trog
Uskayaw
Vehumet
Wu Jian
Xom
Yredelemnul
Zin
The Shining One
Beogh
Jiyva

Shops:
D:4 ?   D:11 [   Orc:2 *[}**

Annotations:
D:9 exclusion: ice statue
Lair:6 1 runed translucent door
Swamp:2 Nikola
Spider:1 3 runed translucent doors, EnegeticOcto's ghost, journeyman DDFi


Innate Abilities, Weirdness & Mutations

You are partially covered in icy blue scales. (AC +2)
You are partially covered in iridescent scales. (AC +2)
You expend magic power (3 MP) to strengthen your wands.


Message History

Aim: Nikola, wielding a +4 rapier of electrocution, wearing a +0 cloak and wearing a +0 pair of gloves You throw a boomerang.
The boomerang hits Nikola.
Nikola is lightly wounded.
Throwing (i - inventory. (/) - cycle)
G - 39 boomerangs (quivered)
Press: ? - help, Shift-Dir - straight line, f/p - Nikola
Aim: Nikola, wielding a +4 rapier of electrocution, wearing a +0 cloak and wearing a +0 pair of gloves (lightly wounded)
You throw a boomerang. The boomerang closely misses Nikola.
Nikola gestures wildly while chanting.
You hear a mighty clap of thunder!
The lightning arc hits you!!
The lightning arc grounds out.
You gain the combat prowess of a mighty hero.
Nikola gestures wildly while chanting.
You hear a mighty clap of thunder!
The lightning arc hits you!
The lightning arc hits Nikola.
The lightning arc hits you!!
* * * LOW HITPOINT WARNING * * *
The lightning arc hits Nikola!
The lightning arc hits you!!
* * * LOW HITPOINT WARNING * * *
The lightning arc hits Nikola.
The lightning arc hits you!
You die...

#.♣ ≈..♣♣... .####..♣♣ ♣
...♣...#.........♣♣♣♣♣..
.....#.#..##...#.♣≈♣.)..
≈....#....##.......≈...♣
≈..................≈≈..♣
...≈...##...##...≈.≈≈...
................@.@≈.♣
.♣≈≈...#....###..≈..≈♣
≈.≈....##.......≈.≈≈♣♣
............#÷.≈.....♣
...≈≈≈≈........≈..≈..♣
....≈≈≈.≈≈♣♣♣♣.≈≈≈...≈≈
<....≈≈≈.≈♣ ♣♣♣♣♣...≈≈≈
..≈≈..≈≈..≈♣ ...≈≈≈
....≈.≈≈≈.♣♣ ≈≈≈≈≈


You could see Nikola.

Vanquished Creatures
  Rupert (Lair:6)
  Kirke (Lair:6)
  The ghost of sixsigma the Thaumaturge, an adept GnWz of Ashenzari (Spider:2)
  An orc warlord (Orc:2)
  A ghost moth (Spider:2)
  2 emperor scorpions
  An entropy weaver (Spider:1)
  A stone giant (Orc:1)
  Snorg (D:10)
  Erolcha (D:9)
  7 hydras
  A ghost crab (Swamp:2)
  Harold (D:11)
  A shambling mangrove (Swamp:1)
  3 two-headed ogres
  5 alligators
  Erica (D:11)
  6 death yaks
  5 orc high priests
  An unseen horror (D:11)
  2 sea snakes (Lair:6)
  2 swamp dragons (Swamp:2)
  A harpy (Lair:6)
  3 oklob plants (Lair:1)
  9 orb spiders
  Pikel (D:8)
  2 orc sorcerers
  5 orc knights
  A deep elf mage (D:12)
  13 wolf spiders
  A cyclops (D:12)
  2 manticores (Lair:6)
  2 ugly things
  15 elephants
  3 black mambas
  A moth of wrath (Spider:2)
  Joseph (D:8)
  Psyche (D:8)
  2 centaur skeletons (D:11)
  26 spiny frogs
  Maggie (D:7)
  16 komodo dragons
  6 demonic crawlers
  3 rime drakes
  13 hornets
  2 queen bees
  3 trolls
  18 jumping spiders
  3 polar bears (Lair:6)
  Grinder (D:4)
  24 blink frogs
  3 tyrant leeches
  15 slime creatures
  A bog body (Swamp:1)
  11 hippogriffs
  35 redbacks
  10 tarantellas
  8 spriggans
  26 yaks
  2 wraiths
  A shadow (Swamp:2)
  9 wyverns
  6 hogs
  3 basilisks
  2 hungry ghosts
  Grum (D:8)
  12 vampire mosquitoes
  A warg (Orc:1)
  5 swamp worms
  10 water moccasins
  2 acid dragons
  39 orc warriors
  13 porcupines
  3 swamp drakes (Swamp:1)
  3 sky beasts
  2 phantoms
  4 black bears
  A necrophage (D:9)
  16 ice beasts
  14 ogres
  16 wolves
  4 centaurs
  19 crocodiles
  6 big kobolds
  13 bullfrogs
  2 scorpions
  3 wyvern skeletons
  50 killer bees
  2 howler monkeys
  A wight (D:11)
  5 electric eels
  3 bullfrog zombies
  2 crimson imps
  2 centaur zombies
  A bullfrog skeleton (D:6)
  27 orc priests
  4 hounds
  3 jellies
  18 orc wizards
  Terence (D:2)
  An iguana (D:10)
  9 worker ants
  A hound zombie (D:6)
  2 hound skeletons
  A worker ant zombie (D:8)
  Robin (D:4)
  4 gnolls
  5 adders
  A shadow imp (D:5)
  An ooze (D:2)
  An adder skeleton (D:6)
  An adder zombie (D:5)
  4 worms
  2 dart slugs
  8 leopard geckos
  65 orcs
  8 bats
  4 giant cockroaches
  15 goblins
  13 hobgoblins
  6 jackals
  32 kobolds
  4 quokkas
  A ball python (D:6)
  6 frilled lizards
  A leopard gecko skeleton (D:7)
  A leopard gecko zombie (D:5)
  7 rats
  3 fungi
  3 plants
876 creatures vanquished.

Vanquished Creatures (others)
  2 slaves (D:8)
  An adder (D:8)
  2 orcs
  11 fungi
  18 plants
34 creatures vanquished.

Grand Total: 910 creatures vanquished

Notes
Turn   | Place    | Note
-------+----------+-------------------------------------------
     0 | D:1      | Error4North the Hill Orc Fighter began the quest for the
                  | Orb.
     0 | D:1      | Reached XP level 1. HP: 19/19 MP: 1/1
    92 | D:1      | Reached XP level 2. HP: 26/27 MP: 2/2
   208 | D:1      | Reached skill level 3 in Axes
   391 | D:1      | Reached XP level 3. HP: 33/33 MP: 3/3
  1171 | D:2      | Reached XP level 4. HP: 36/40 MP: 4/4
  1329 | D:2      | Noticed Terence
  1341 | D:2      | Killed Terence
  1554 | D:2      | Reached skill level 4 in Axes
  2117 | D:3      | Reached XP level 5. HP: 42/46 MP: 5/5
  2733 | D:3      | Reached XP level 6. HP: 50/52 MP: 6/6
  2769 | D:3      | Reached skill level 5 in Axes
  2775 | D:3      | Reached skill level 5 in Armour
  2968 | D:3      | Reached skill level 5 in Shields
  3602 | D:4      | Noticed Grinder
  3606 | D:4      | Paralysed by Grinder for 7 turns
  3619 | D:4      | Gained mutation: You expend magic power (3 MP) to
                  | strengthen your wands. [potion of mutation]
  3619 | D:4      | Gained mutation: You are partially covered in icy blue
                  | scales. (AC +2) [potion of mutation]
  3619 | D:4      | Gained mutation: You are partially covered in iridescent
                  | scales. (AC +2) [potion of mutation]
  3620 | D:4      | Killed Grinder
  3620 | D:4      | Reached skill level 5 in Fighting
  3620 | D:4      | Reached skill level 6 in Axes
  3620 | D:4      | Reached XP level 7. HP: 42/61 MP: 7/7
  3911 | D:4      | Noticed Robin
  3925 | D:4      | Killed Robin
  4112 | D:4      | Found Goass's Magic Scroll Shop.
  4143 | D:4      | Got a warped cloak
  4147 | D:4      | Bought a scroll of remove curse for 39 gold pieces
  4147 | D:4      | Bought a scroll of identify for 26 gold pieces
  4148 | D:4      | Identified the +0 cloak of Ru's Condemnation {Int+4 Dex+2
                  | Stlth+} (You found it on level 4 of the Dungeon)
  4479 | D:4      | Found an ornate altar of the Wu Jian Council.
  4507 | D:5      | Entered Level 5 of the Dungeon
  4653 | D:5      | Reached skill level 7 in Axes
  4653 | D:5      | Reached XP level 8. HP: 68/68 MP: 8/8
  5132 | D:6      | Reached skill level 1 in Evocations
  5187 | D:6      | Reached skill level 8 in Axes
  5354 | D:6      | Reached skill level 1 in Throwing
  5364 | D:6      | Found a staircase to the Ecumenical Temple.
  5375 | Temple   | Entered the Ecumenical Temple
  5410 | Temple   | Became a worshipper of Warmaster Okawaru
  5526 | D:6      | Reached XP level 9. HP: 42/75 MP: 10/10
  5730 | D:6      | Upgraded the game from 0.25-a0-517-gf8b3a32422 to
                  | 0.25-a0-523-g9afb2ee040
  5993 | D:6      | Reached * piety under Okawaru
  5993 | D:6      | Reached skill level 9 in Axes
  6315 | D:7      | Found a glowing silver altar of Zin.
  6428 | D:7      | Noticed Maggie
  6429 | D:7      | You fall into a shaft and drop 1 floor!
  6524 | D:8      | Noticed a two-headed ogre
  6572 | D:8      | Killed a two-headed ogre
  6572 | D:8      | Reached ** piety under Okawaru
  6772 | D:8      | Noticed Pikel
  6786 | D:8      | Killed Pikel
  6786 | D:8      | Reached skill level 10 in Axes
  6786 | D:8      | Reached XP level 10. HP: 82/86 MP: 13/13
  6803 | D:8      | Noticed Psyche
  6812 | D:8      | Paralysed by Psyche for 2 turns
  6828 | D:8      | Killed Psyche
  6828 | D:8      | Reached *** piety under Okawaru
  6861 | D:8      | Noticed Grum
  6982 | D:8      | Killed Grum
  7417 | D:8      | Received a gift from Okawaru
  7417 | D:8      | Reached skill level 5 in Evocations
  7744 | D:8      | Noticed Joseph
  7762 | D:8      | Killed Joseph
  7997 | D:7      | Killed Maggie
  7997 | D:7      | Reached skill level 11 in Axes
  8380 | D:9      | Noticed Erolcha
  8381 | D:9      | Paralysed by Erolcha for 2 turns
  8388 | D:8      | Reached **** piety under Okawaru
  8408 | D:9      | Paralysed by Erolcha for 3 turns
  8417 | D:9      | Reached skill level 1 in Invocations
  8541 | D:9      | Paralysed by Erolcha for 4 turns
  8557 | D:9      | Killed Erolcha
  8557 | D:9      | Received a gift from Okawaru
  8557 | D:9      | Reached skill level 1 in Spellcasting
  8557 | D:9      | Reached XP level 11. HP: 72/94 MP: 15/15
  9250 | D:9      | Found a staircase to the Lair.
 10037 | D:9      | Reached ***** piety under Okawaru
 10522 | D:10     | Entered Level 10 of the Dungeon
 10529 | D:10     | Noticed Snorg
 10536 | D:10     | Noticed a two-headed ogre
 10557 | D:9      | Killed a two-headed ogre
 10717 | D:10     | Found a staircase to the Orcish Mines.
 11370 | D:10     | Killed Snorg
 11370 | D:10     | Received a gift from Okawaru
 11626 | Orc:1    | Entered Level 1 of the Orcish Mines
 11627 | Orc:1    | Noticed an orc sorcerer
 11629 | Orc:1    | Noticed an orc sorcerer
 11920 | D:11     | Reached skill level 12 in Axes
 11924 | D:11     | Found a shattered altar of Ashenzari.
 11924 | D:11     | Found an iron altar of Okawaru.
 11926 | D:11     | Found a hide-covered altar of Uskayaw.
 11926 | D:11     | Found a burning altar of Makhleb.
 11971 | D:11     | Noticed a six-headed hydra
 11987 | D:11     | Killed a seven-headed hydra
 11987 | D:11     | Reached skill level 10 in Shields
 11987 | D:11     | Reached XP level 12. HP: 31/104 MP: 14/16
 12210 | D:11     | Reached skill level 1 in Maces & Flails
 12210 | D:11     | Reached skill level 1 in Stealth
 12213 | D:11     | Noticed Harold
 12235 | D:11     | Killed Harold
 12235 | D:11     | Reached skill level 5 in Invocations
 12669 | D:11     | Found Qidirunt's Armour Shop.
 12782 | D:11     | Noticed an eight-headed hydra
 12794 | D:11     | Killed an eight-headed hydra
 12894 | D:11     | Noticed Erica
 12944 | D:11     | Killed Erica
 13346 | D:12     | Noticed a two-headed ogre
 13375 | D:12     | Killed a two-headed ogre
 13419 | D:12     | Reached skill level 10 in Armour
 13757 | D:12     | Noticed a two-headed ogre
 13781 | D:12     | Reached skill level 1 in Dodging
 14019 | D:12     | Received a gift from Okawaru
 14183 | Orc:1    | Noticed a stone giant
 14204 | Orc:1    | Killed a stone giant
 14204 | Orc:1    | Reached skill level 5 in Maces & Flails
 14204 | Orc:1    | Reached XP level 13. HP: 91/113 MP: 11/18
 14215 | Orc:1    | Found a roughly hewn altar of Beogh.
 14365 | Orc:2    | Entered Level 2 of the Orcish Mines
 14419 | Orc:1    | Reached skill level 10 in Fighting
 15219 | Orc:2    | Found a staircase to the Elven Halls.
 15495 | Orc:2    | Noticed an orc warlord
 16529 | Orc:2    | Killed an orc warlord
 16598 | Orc:2    | Received a gift from Okawaru
 16759 | Orc:2    | Found Jineqex's Assorted Antiques.
 18320 | Orc:2    | Received a gift from Okawaru
 18365 | Orc:2    | Found Laorgh's General Store.
 18365 | Orc:2    | Found Kaxzij's Gadget Emporium.
 18366 | Orc:2    | Found Tihuic's Armour Shoppe.
 18366 | Orc:2    | Found Xafreo's General Store.
 18382 | Orc:2    | Bought a book of Battle for 600 gold pieces
 18384 | Orc:2    | Learned a level 1 spell: Infusion
 18387 | Orc:2    | Learned a level 2 spell: Shroud of Golubria
 18391 | Orc:2    | Learned a level 3 spell: Spectral Weapon
 18393 | Orc:2    | Bought the +0 pair of gloves of Shadows and Fog {rPois MR+}
                  | for 298 gold pieces
 18758 | Lair:1   | Entered Level 1 of the Lair of Beasts
 20152 | Lair:2   | Reached XP level 14. HP: 104/122 MP: 20/20
 20153 | Lair:2   | Reached skill level 13 in Axes
 20411 | Lair:2   | Reached skill level 1 in Hexes
 20467 | Lair:2   | Received a gift from Okawaru
 21025 | Lair:2   | Received a gift from Okawaru
 21199 | Lair:3   | Reached skill level 1 in Charms
 21202 | Lair:3   | Found a staircase to the Swamp.
 21318 | Lair:3   | Reached skill level 1 in Translocations
 21389 | Lair:3   | Learned a level 2 spell: Song of Slaying
 21690 | Lair:3   | Found a hole to the Spider Nest.
 22312 | Lair:4   | Received a gift from Okawaru
 23133 | Lair:5   | Reached ****** piety under Okawaru
 23213 | Lair:5   | Received a gift from Okawaru
 23225 | Lair:5   | Reached XP level 15. HP: 78/132 MP: 15/22
 23582 | Lair:5   | Reached skill level 14 in Axes
 24045 | Lair:6   | Entered Level 6 of the Lair of Beasts
 24270 | Lair:6   | Noticed Rupert
 24671 | Lair:6   | Killed Rupert
 24671 | Lair:6   | Reached skill level 5 in Spellcasting
 24831 | Lair:6   | Found a runed translucent door.
 24832 | Lair:6   | Found a viscous altar of Jiyva.
 24836 | Lair:6   | Found a staircase to the Slime Pits.
 24836 | Lair:6   | Noticed an acid blob
 24837 | Lair:6   | Noticed an acid blob
 25044 | Lair:6   | Received a gift from Okawaru
 25132 | Lair:6   | Noticed Kirke
 25133 | Lair:6   | Received a gift from Okawaru
 25352 | Lair:6   | Noticed a sphinx
 25895 | Lair:6   | Killed Kirke
 26098 | Spider:1 | Entered Level 1 of the Spider Nest
 26772 | Spider:1 | Received a gift from Okawaru
 26803 | Spider:1 | Noticed an emperor scorpion
 26831 | Spider:1 | Killed an emperor scorpion
 26831 | Spider:1 | Reached XP level 16. HP: 105/141 MP: 12/23
 27001 | Spider:1 | Found a runed translucent gate.
 27002 | Spider:1 | Found a runed translucent gate.
 27003 | Spider:1 | Found a runed translucent gate.
 27005 | Spider:1 | Noticed EnegeticOcto's ghost (journeyman DDFi)
 27461 | Spider:2 | Found a runed translucent door.
 27488 | Spider:2 | Noticed sixsigma's ghost (adept GnWz)
 27512 | Spider:2 | Killed sixsigma's ghost
 27537 | Spider:2 | Reached skill level 10 in Invocations
 28061 | Spider:2 | Received a gift from Okawaru
 29723 | Swamp:1  | Entered Level 1 of the Swamp
 30134 | Swamp:1  | Reached skill level 15 in Axes
 30141 | Swamp:1  | Reached skill level 5 in Hexes
 31171 | Swamp:2  | Received a gift from Okawaru
 31463 | Swamp:2  | Reached skill level 5 in Charms
 31465 | Swamp:2  | Reached XP level 17. HP: 100/150 MP: 26/26
 31471 | Swamp:2  | Noticed Nikola
 31474 | Swamp:2  | HP: 1/150 [Nikola/chain lightning (29)]
 31474 | Swamp:2  | Killed from afar by Nikola

Levels and vault maps discovered:
D:1:      tarquinn_simple_flora_water_f, layout_loops_ring,
          wander_ebering_terrifying_dragon_lair
D:2:      layout_basic, minmay_vboxes, uniq_terence
D:3:      layout_basic
D:4:      layout_basic, kennysheep_mini_moat, serial_shops, shop, first_ration,
          uniq_grinder, uniq_robin
D:5:      layout_gridville
D:6:      layout_basic, minmay_temple_entry_steel_oval
D:7:      layout_basic, basic_altar, uniq_maggie
D:8:      layout_basic, uniq_joseph, uniq_grum, uniq_psyche, uniq_pikel
D:9:      minmay_twisted_water, layout_basic, david_nohive_1, uniq_erolcha
D:10:     layout_stronghold, orc_0_dummy, uniq_snorg
D:11:     minmay_the_grid_octo_tiled_octocenter_mashed
          [minmay_the_grid_octo_fat_diamond, minmay_the_grid_octo_checkered,
          minmay_the_grid_octo_toaster, minmay_the_grid_octo_shrine,
          minmay_the_grid_octo_prize_single_spiral,
          minmay_the_grid_square_5x5_sharp_hourglass,
          minmay_the_grid_square_5x5_v, minmay_the_grid_square_5x5_comb,
          minmay_the_grid_square_5x5_minimal], layout_stronghold, serial_shops,
          nicolae_shop_stone, uniq_erica, uniq_harold
D:12:     layout_basic, serial_shops, shop, basic_altar, gauntlet_entry_generic,
          uniq_jorgrun
Temple:   grunt_wide_crystal_templ
Lair:1:   layout_loops_ring, chequers_serial_rivers_room_a,
          minmay_lair_oklob_chamber, grunt_megastairs_1
Lair:2:   regret_index_tunnel_blossom, layout_gridlike, serial_bayou_pond_d,
          serial_bayou_shore_a
Lair:3:   layout_gridlike, swamp_mist_pool, spider_nest_entry_webs, st_stairs_6,
          beast_lair_carwin_9
Lair:4:   layout_regular_city, serial_bayou_pond_a
Lair:5:   layout_regular_city, beast_lair_carwin_7, infiniplex_staircase_pool
Lair:6:   gammafunk_lair_ancient_temple, layout_regular_city, slime_altar_2,
          grunt_megastairs_4, uniq_kirke, uniq_rupert
Swamp:1:  layout_falls_marsh, evilmike_swamp_ruin_house_1, swamp_pool2,
          hangedman_swamp_cone
Swamp:2:  layout_basic_swamp, serial_swamp_ruin, evilmike_swamp_ruin_house_4,
          evilmike_swamp_ruin_rubble_2, evilmike_swamp_ruin_rubble_1,
          uniq_nikola, uniq_donald
Spider:1: layout_spider_delve, gammafunk_ghost_tricky_traps
Spider:2: layout_chambers, ebering_ghost_reflecting_pool,
          einodemon_crawler_minivault
Orc:1:    layout_caves, basic_altar
Orc:2:    st_orc_pillars, layout_caves, serial_shops, nicolae_shop_crystal

Skill      XL: |  1  2  3  4  5  6  7  8  9 10 11 12 13 14 15 16 |
---------------+-------------------------------------------------+-----
Axes           | 3 4 6 7 8 10 11 12 13 14 15 | 15.2
Shields        | 4 5 6 7 9 10 11 12 13 | 13.9
Armour         | 4 5 6 7 8 9 10 11 12 | 12.4
Fighting       | 4 5 6 7 8 9 10 11 12 13 | 13.4
Evocations     | 2 4 5 6 7 8 9 |  9.8
Throwing       | 1 2 3 4 |  4.0
Invocations    | 2 4 6 7 9 10 | 10.8
Spellcasting   | 1 2 3 4 5 6 |  6.1
Maces & Flails | 5 6 |  6.7
Stealth        | 1 |  1.8
Dodging        | 1 |  1.3
Hexes          | 2 4 5 |  5.2
Charms         | 2 4 5 |  5.0
Translocations | 2 3 4 |  4.3

Action                   |  1- 3 |  4- 6 |  7- 9 | 10-12 | 13-15 | 16-18 || total
-------------------------+-------+-------+-------+-------+-------+-------++-------
Melee: War axe           |   112 |   217 |   286 |   443 |  1158 |   568 ||  2784
       Flail             |       |       |       |   325 |   545 |       ||   870
       Morningstar       |       |       |       |    39 |       |    18 ||    57
       Eveningstar       |       |       |       |       |    20 |       ||    20
Throw: Boomerang         |       |       |    32 |    65 |   163 |    74 ||   334
       Dart              |       |       |       |     8 |     2 |       ||    10
 Cast: Song of Slaying   |       |       |       |       |     1 |       ||     1
Invok: Heroism           |       |       |     1 |    17 |    29 |    10 ||    57
       Finesse           |       |       |       |     7 |    12 |     5 ||    24
Evoke: Wand              |       |       |       |     2 |    16 |    15 ||    33
  Use: Potion            |       |     3 |     5 |    12 |     6 |     1 ||    27
       Scroll            |       |       |     3 |    18 |    14 |     1 ||    36
 Stab: Invisible         |       |       |       |     4 |    10 |       ||    14
       Sleeping          |       |       |       |       |       |     1 ||     1
  Eat: Chunk             |     1 |     7 |     8 |    11 |    26 |    22 ||    75
       Ration            |       |       |     1 |     5 |     4 |     3 ||    13
Armor: Scale mail        |     8 |       |       |       |       |       ||     8
       Plate armour      |    60 |   131 |   158 |   547 |   825 |   439 ||  2160
       Skin              |       |     3 |       |    14 |       |       ||    17
Dodge: Dodged            |    18 |    31 |    44 |   218 |   414 |   173 ||   898
Block: Kite shield       |    59 |   114 |   153 |   604 |  1139 |   447 ||  2516

Table legend:
 A = Non-vault XP
 B = Vault XP
 C = Vault XP percentage of total XP
 D = Non-vault monster count
 E = Vault monster count
 F = Vault count percentage of total count
                 A         B        C        D         E       F
            +---------+---------+-------+---------+---------+-------
      Total |  117583 |   64362 |  35.4 |     601 |     269 |  30.9
            +---------+---------+-------+---------+---------+-------
        D:1 |      53 |       1 |   1.9 |      23 |       1 |   4.2
        D:2 |      44 |      61 |  58.1 |      16 |       8 |  33.3
        D:3 |     385 |       0 |   0.0 |      36 |       0 |   0.0
        D:4 |     259 |     323 |  55.5 |      10 |      13 |  56.5
        D:5 |     312 |       0 |   0.0 |      13 |       0 |   0.0
        D:6 |    1404 |       0 |   0.0 |      20 |       0 |   0.0
        D:7 |     419 |     415 |  49.8 |       6 |       1 |  14.3
        D:8 |    2784 |    2228 |  44.5 |      25 |      11 |  30.6
        D:9 |    2421 |    2931 |  54.8 |      27 |      20 |  42.6
       D:10 |    2653 |    1106 |  29.4 |      28 |       1 |   3.4
       D:11 |     821 |    6666 |  89.0 |      14 |      23 |  62.2
       D:12 |    6226 |       0 |   0.0 |      35 |       0 |   0.0
     Lair:1 |    1807 |    2648 |  59.4 |      10 |       6 |  37.5
     Lair:2 |    6620 |    5365 |  44.8 |      32 |      43 |  57.3
     Lair:3 |    4510 |    1664 |  27.0 |      16 |      11 |  40.7
     Lair:4 |    7222 |       0 |   0.0 |      20 |       0 |   0.0
     Lair:5 |    7796 |    7680 |  49.6 |      22 |      20 |  47.6
     Lair:6 |    7839 |   19331 |  71.1 |      34 |      35 |  50.7
    Swamp:1 |   11046 |       0 |   0.0 |      34 |       0 |   0.0
    Swamp:2 |   10025 |       0 |   0.0 |      28 |       0 |   0.0
   Spider:1 |    9696 |       0 |   0.0 |      19 |       0 |   0.0
   Spider:2 |   25458 |    3564 |  12.3 |      72 |       8 |  10.0
      Orc:1 |    4360 |    2470 |  36.2 |      36 |       6 |  14.3
      Orc:2 |    3423 |    7909 |  69.8 |      25 |      62 |  71.3
            +---------+---------+-------+---------+---------+-------
